 Dungeon Crawl Stone Soup version 0.26-a0-712-ga5a9c9c9d0 (webtiles) character file.

Game seed: 6017165915200612930

2482 Azzok the Cleaver (level 9, -2/64 HPs)
             Began as a Demonspawn Berserker on Nov 9, 2020.
             Was an Elder of Trog.
             Slain by Grum
             ... wielding a +1 glaive
              (10 damage)
             ... on level 8 of the Dungeon.
             The game lasted 00:07:07 (6938 turns).

Azzok the Cleaver (Demonspawn Berserker)            Turns: 6938, Time: 00:07:07

Health: -2/64      AC: 14    Str: 21    XL:     9   Next: 27%
Magic:  3/3        EV:  7    Int:  8    God:    Trog [****..]
Gold:   331        SH:  0    Dex: 13    Spells: 8/8 levels left

rFire    . . .     SeeInvis .   y - +8 Wrath of Trog {antimagic, *Rage}
rCold    . . .     Faith    .   (shield currently unavailable)
rNeg     . . .     Spirit   .   n - +0 plate armour
rPois    .         Reflect  .   (no helmet)
rElec    .         Harm     .   (no cloak)
rCorr    .         Rampage  .   (no gloves)
MR       .....     Rnd*Rage +   (no boots)
Stlth    ..........             (no amulet)
HPRegen  0.20/turn              (no ring)
MPRegen  0.08/turn              (no ring)

@: berserk cooldown, slowed, very slow
A: hooves 2, thin metallic scales 2
a: Berserk, Trog's Hand, Brothers in Arms, Renounce Religion


You were on level 8 of the Dungeon.
You worshipped Trog.
Trog was greatly pleased with you.
You visited 1 branch of the dungeon, and saw 8 of its levels.

You collected 331 gold pieces.

Inventory:

Hand Weapons
 a - a +0 hand axe
 y - the +8 Wrath of Trog (weapon) {antimagic, *Rage}
   (You found it on level 5 of the Dungeon)

   It reduces the magical energy of the wielder, and disrupts the spells and
   magical abilities of those hit.
   Natural abilities and divine invocations are not affected.
   It may make you go berserk in combat.
 C - a +0 antimagic war axe
Armour
 n - a +0 plate armour (worn)
 v - a +2 kite shield
Jewellery
 h - an uncursed amulet of magic regeneration {unknown}
 A - an uncursed amulet of magic regeneration {unknown}
 F - an uncursed ring of positive energy {unknown}
Wands
 q - a wand of digging (4)
 E - a wand of flame (19)
Scrolls
 b - 4 scrolls of remove curse {unknown}
 d - 8 scrolls of teleportation {unknown}
 g - 5 scrolls of identify {unknown}
 i - 2 scrolls of magic mapping {unknown}
 j - 2 scrolls of amnesia {unknown}
 u - 2 scrolls of random uselessness {unknown}
 w - a scroll of blinking {unknown}
 x - 3 scrolls of enchant weapon {unknown}
 D - a scroll of fear {unknown}
Potions
 c - 5 potions of haste {unknown}
 e - 3 potions of curing {unknown}
 f - a potion of invisibility {unknown}
 k - 2 potions of cancellation {unknown}
 l - a potion of mutation {unknown}
 m - 2 potions of flight {unknown}
 o - a potion of brilliance {unknown}
 p - 4 potions of heal wounds {unknown}
 r - a potion of might
 s - a potion of lignification {unknown}
 t - 2 potions of resistance
 z - a potion of degeneration {unknown}
 B - a potion of stabbing {unknown}


   Skills:
 + Level 3.5 Fighting
 * Level 11.1 Axes
 + Level 2.4 Armour
 + Level 2.5 Dodging
 + Level 1.5 Evocations


You had 8 spell levels left.
You didn't know any spells.
Your spell library was empty.

Dungeon Overview and Level Annotations

Branches:
Dungeon (8/15)             Temple (0/1) D:6
   Lair: D:8-11

Altars:
Ashenzari
Cheibriados
Elyvilon
Fedhas
Makhleb
Nemelex Xobeh
Ru
Trog
Vehumet
Xom
Yredelemnul
The Shining One

Annotations:
D:8 Grum


Innate Abilities, Weirdness & Mutations

You have hoof-like feet.
You are mostly covered in thin metallic scales. (AC +3)


Message History

The wolf bites you. Grum hits you but does no damage.
The leopard gecko barely misses you. The wolf bites you but does no damage.
The leopard gecko bites you but does no damage.
Grum hits you with a +1 glaive! The wolf closely misses you.
The leopard gecko bites you. Grum hits you with a +1 glaive!
* * * LOW HITPOINT WARNING * * *
The wolf bites you!
* * * LOW HITPOINT WARNING * * *
Found a hand axe.
Found a snail-covered altar of Cheibriados.
You see here a wolf corpse.
You slice Grum!!
Grum is heavily wounded.
You closely miss the leopard gecko. You closely miss the wolf.
The wolf bites you but does no damage.
The leopard gecko bites you but does no damage.
The wolf barely misses you.
The leopard gecko bites you but does no damage.
Grum hits you with a +1 glaive!
You die...

· ···· ▒▒▒·
·····
▒▒···▒▒
▒···
···_··· ▒··
·······▒▒·▒
··········▒
_··⌠······▒
·······lh·▒
·····zg@▒·▒
··
·······▒▒·▒
· ·····▒·
▒·▒ ▒▒·
···· ▒· ▒·▒
▒·· ··· ·)
▒·▒▒▒▒·▒ ··
·· ▒···▒▒·▒
· ···
▒▒▒·▒▒·▒
···
▒·▒▒·▒▒▒▒▒▒
▒·········▒


You could see Grum, a wolf, a wight and a leopard gecko.

Vanquished Creatures
  The ghost of Mesmaeker13 the Slinger, a novice HaHu (D:6)
  Sigmund (D:2)
  Menkaure (D:6)
  Duvessa (D:4)
  3 sky beasts
  An ice beast (D:4)
  A wolf (D:8)
  3 centaurs
  2 bullfrogs
  3 scorpions
  Dowan (D:4)
  2 centaur zombies
  3 hounds
  An orc priest (D:7)
  2 jellies (D:5)
  A bullfrog skeleton (D:6)
  2 iguanas
  2 orc wizards (D:7)
  Ijyb (D:3)
  Natasha (thrice) (D:4)
  4 worker ants
  2 hound zombies (D:7)
  A worker ant zombie (D:7)
  3 gnolls (D:2)
  A river rat (D:5)
  9 adders
  A shadow imp (D:5)
  An ufetubus (D:5)
  3 adder skeletons
  A worm (D:2)
  6 dart slugs
  2 leopard geckos (D:5)
  3 orcs (D:7)
  5 bats
  A bat zombie (D:1)
  8 giant cockroaches
  2 gnoll zombies (D:6)
  5 goblins
  5 hobgoblins
  14 jackals
  8 kobolds
  6 quokkas
  5 frilled lizards
  A leopard gecko zombie (D:8)
  2 quokka zombies
  10 rats
144 creatures vanquished.

Vanquished Creatures (others)
  A plant (D:2)
1 creature vanquished.

Grand Total: 145 creatures vanquished

Notes
Turn   | Place    | Note
-------+----------+-------------------------------------------
     0 | D:1      | Azzok the Demonspawn Berserker began the quest for the Orb.
     0 | D:1      | Reached XP level 1. HP: 18/18 MP: 1/1
   309 | D:1      | Reached skill level 3 in Axes
   344 | D:1      | Gained mutation: You are partially covered in thin metallic
                  | scales. (AC +2) [demonic ancestry]
   344 | D:1      | Reached XP level 2. HP: 18/24 MP: 2/2
  1129 | D:1      | Gained mutation: You have large cloven feet. [demonic
                  | ancestry]
  1129 | D:1      | Reached XP level 3. HP: 28/29 MP: 3/3
  1183 | D:2      | Reached skill level 4 in Axes
  1231 | D:2      | Noticed Sigmund
  1254 | D:2      | Found a blossoming altar of Fedhas.
  1565 | D:2      | Killed Sigmund
  1565 | D:2      | Reached skill level 5 in Axes
  1565 | D:2      | Reached XP level 4. HP: 35/35 MP: 4/4
  1565 | D:2      | Reached XP level 5. HP: 41/41 MP: 5/5
  1575 | D:2      | Reached ** piety under Trog
  2025 | D:2      | Reached skill level 6 in Axes
  2098 | D:2      | Found a bloodstained altar of Trog.
  2184 | D:2      | Reached XP level 6. HP: 39/47 MP: 6/6
  2449 | D:3      | Found a sparkling altar of Nemelex Xobeh.
  2735 | D:3      | Noticed Ijyb
  2744 | D:3      | Killed Ijyb
  2784 | D:3      | Found a sacrificial altar of Ru.
  2784 | D:3      | Found a white marble altar of Elyvilon.
  3406 | D:4      | Noticed Natasha
  3407 | D:4      | Found a broken altar of Ashenzari.
  3410 | D:4      | Killed Natasha
  3434 | D:4      | Noticed Natasha
  3446 | D:4      | Killed Natasha
  3791 | D:4      | Noticed Natasha
  3796 | D:4      | Killed Natasha
  3796 | D:4      | Reached skill level 7 in Axes
  4115 | D:4      | Noticed an ice beast
  4132 | D:4      | Killed an ice beast
  4132 | D:4      | Reached XP level 7. HP: 43/52 MP: 7/7
  4265 | D:4      | Noticed Duvessa
  4265 | D:4      | Noticed Dowan
  4277 | D:4      | Killed Dowan
  4278 | D:4      | Killed Duvessa
  4417 | D:5      | Entered Level 5 of the Dungeon
  4485 | D:5      | Reached skill level 8 in Axes
  4796 | D:5      | Found the +8 Wrath of Trog {antimagic, *Rage}
  4977 | D:5      | Reached skill level 9 in Axes
  4977 | D:5      | Gained mutation: You have hoof-like feet. [demonic
                  | ancestry]
  4977 | D:5      | Reached XP level 8. HP: 51/58 MP: 2/8
  4990 | D:5      | Reached *** piety under Trog
  4996 | D:5      | Found a shimmering altar of Xom.
  5675 | D:6      | Found a glowing golden altar of the Shining One.
  5696 | D:6      | Found a runed translucent door.
  5699 | D:6      | Noticed Mesmaeker13's ghost (novice HaHu)
  5724 | D:6      | Reached skill level 10 in Axes
  5743 | D:6      | Killed Mesmaeker13's ghost
  5806 | D:6      | Noticed Menkaure
  5809 | D:6      | Killed Menkaure
  5951 | D:6      | Found a basalt altar of Yredelemnul.
  6012 | D:6      | Found a radiant altar of Vehumet.
  6125 | D:6      | Found a staircase to the Ecumenical Temple.
  6198 | D:7      | Gained mutation: You are mostly covered in thin metallic
                  | scales. (AC +3) [demonic ancestry]
  6198 | D:7      | Reached XP level 9. HP: 33/63 MP: 3/9
  6510 | D:7      | Found a bloodstained altar of Trog.
  6519 | D:7      | Reached skill level 11 in Axes
  6607 | D:7      | Reached skill level 1 in Evocations
  6662 | D:7      | Reached **** piety under Trog
  6930 | D:8      | Found a burning altar of Makhleb.
  6931 | D:8      | Found a shimmering altar of Xom.
  6931 | D:8      | Noticed Grum
  6937 | D:8      | Found a snail-covered altar of Cheibriados.
  6938 | D:8      | Slain by Grum

Illustrated notes

Levels and vault maps discovered:
D:1:      saegor_arrival_fortress, layout_basic, minmay_tromino_v4_b
D:2:      layout_loops_cross, fedhas_altar_1, trog_book, uniq_sigmund
D:3:      layout_basic, nicolae_overflow_hidden_temple,
          chequers_temple_overflow_statue_of_worship, mrwooster_statue_mirror,
          uniq_ijyb
D:4:      layout_loops_cross, old_standard_altar, uniq_natasha, uniq_duvessa
D:5:      layout_basic, gup_sewer_entry_spiral, tgw_xom
D:6:      layout_rooms, kennysheep_mini_moat, vehumet_altar_wand_db,
          lemuel_zombie_altar_yredelemnul, minmay_temple_entry_poolview,
          ebering_ghost_reflecting_pool, uniq_menkaure
D:7:      layout_layer_cave, nicolae_overflow_crystal_walls,
          chequers_serial_rivers_small_3
D:8:      layout_rooms, grunt_temple_overflow_open, serial_shops, shop,
          biasface_ghost_orc_armoury, uniq_grum

Skill      XL: |  1  2  3  4  5  6  7  8  9 |
---------------+----------------------------+-----
Axes           | 3 5 6 7 9 10 11 | 11.1
Dodging        | 2 |  2.5
Armour         | 2 |  2.4
Evocations     | 1 |  1.5
Fighting       | |  3.5

Action                   |  1- 3 |  4- 6 |  7- 9 || total
-------------------------+-------+-------+-------++-------
Melee: Hand axe          |    99 |   138 |    31 ||   268
       Kick              |     5 |    38 |    40 ||    83
       Battleaxe         |       |       |   112 ||   112
Invok: Berserk           |     1 |     3 |     1 ||     5
Armor: Animal skin       |    14 |       |       ||    14
       Scale mail        |    28 |       |       ||    28
       Plate armour      |       |    91 |   136 ||   227
Dodge: Dodged            |    80 |    41 |    50 ||   171
Block: Kite shield       |       |     9 |    10 ||    19

Table legend: (Time is in decaauts)
 A = Elapsed time spent in this place.
 B = Non-inter-level travel time spent in this place.
 C = Inter-level travel time spent in this place.
 D = Time resting spent in this place.
 E = Time spent auto-exploring this place.
 F = Levels seen in this place.
 G = Mean time per level.
                   A        B        C        D        E       F      G
               +--------+--------+--------+--------+--------+-----+--------+
         Total |   7259 |   7020 |    239 |    875 |   4958 |   8 |  907.4 |
       Dungeon |   7259 |   7020 |    239 |    875 |   4958 |   8 |  907.4 |
               +--------+--------+--------+--------+--------+-----+--------+

Top non-repeatable levels by time:
     D:1: 1471 daAuts
     D:5: 1208 daAuts
     D:3: 1165 daAuts
     D:2: 1021 daAuts
     D:6: 925 daAuts
     D:4: 819 daAuts
     D:7: 603 daAuts
     D:8: 44 daAuts
